 Dungeon Crawl Stone Soup version 0.30-a0-743-gbfdf073431 (webtiles) character file.

Game seed: 11354481401375513937

186030 Rustlers the Bludgeoner (level 19, -3/235 HPs)
             Began as a Human Fighter on Feb 4, 2023.
             Was the Champion of the Shining One.
             Slain by a spriggan berserker
             ... wielding a +0 war axe
              (28 damage)
             ... on level 2 of the Depths on Feb 5, 2023.
             The game lasted 01:52:04 (24519 turns).

Rustlers the Bludgeoner (Human Fighter)            Turns: 24519, Time: 01:52:05

Health: -3/235     AC: 29    Str: 34    XL:     19   Next: 16%
Magic:  35/35      EV:  2    Int: 11    God:    the Shining One [******]
Gold:   682        SH: 21    Dex: 14    Spells: 18/18 levels left

rFire   + + .      SeeInvis .    K - +5 sacred scourge (holy)
rCold   . . .      Faith    .    V - +8 kite shield "Quevolov" {rF+ MP+9}
rNeg    + + +      Spirit   .    (body armour currently unavailable)
rPois   +          Reflect  .    (helmet currently unavailable)
rElec   .          Harm     .    (cloak currently unavailable)
rCorr   .          Rampage  .    (gloves currently unavailable)
Will    ++...      NoTele   +    (boots currently unavailable)
Stlth   +                        D - amulet of regeneration
HPRegen 1.39/turn                H - ring "Meraismiu" {rF+ Str+6 Int+3}
MPRegen 0.24/turn                u - ring of Qataadec {rPois Will+ Str+4}

@: tree-form, glowing
A: stationary, stasis, torment immunity, boosted hp
a: Renounce Religion, Divine Shield, Cleansing Flame, Summon Divine Warrior


You were on level 2 of the Depths.
You worshipped the Shining One.
The Shining One was exalted by your worship.
You were a tree.
You visited 4 branches of the dungeon, and saw 22 of its levels.
You also visited: Sewer.

You collected 2386 gold pieces.
You spent 1704 gold pieces at shops.

Inventory:

Hand Weapons
 c - a +8 flail of protection
 m - a +1 eveningstar of flaming
 K - a +5 sacred scourge of holy wrath (weapon)
Missiles
 A - 2 throwing nets
Armour
 f - a +2 helmet (melded)
 v - the +1 cloak of Darkness (melded) {Str+6 Int-2}
   (You bought it in a shop on level 13 of the Dungeon)

   Str:       It affects your strength (+6).
   Int:       It affects your intelligence (-2).
 x - a +0 pair of gloves (melded)
 F - a +1 cloak
 J - +0 fire dragon scales
 Q - a +2 pair of boots (melded)
 R - a +3 leather armour of cold resistance
 V - the +8 kite shield "Quevolov" (worn) {rF+ MP+9}
   (You acquired it on level 12 of the Dungeon)

   rF:        It protects you from fire.
   MP:        It affects your magic capacity (+9).
 Y - a +2 troll leather armour (melded)
Jewellery
 k - the amulet of Xom's Delight {Acrobat Str+3}
   (You acquired it in a sewer)

   [amulet of the acrobat]

   It increases your evasion while moving and waiting.
   Str:       It affects your strength (+3).
 n - a +6 ring of strength
 t - a ring of fire
 u - the ring of Qataadec (right branch) {rPois Will+ Str+4}
   (You bought it in a shop on level 2 of the Orcish Mines)

   [ring of poison resistance]

   Str:       It affects your strength (+4).
   rPois:     It protects you from poison.
   Will:      It increases your willpower.
 D - an amulet of regeneration (around neck)
 H - the ring "Meraismiu" (left branch) {rF+ Str+6 Int+3}
   (You found it on level 1 of the Depths)

   [ring of protection from fire]

   Str:       It affects your strength (+6).
   Int:       It affects your intelligence (+3).
   rF:        It protects you from fire.
 L - a ring of poison resistance
 N - a +5 ring of evasion
 S - the ring of the Ladybird {Will+ rCorr Str+2 Int+3}
   (You took it off a deep elf death mage on level 3 of the Elven Halls)

   [ring of willpower]

   Str:       It affects your strength (+2).
   Int:       It affects your intelligence (+3).
   rCorr:     It protects you from acid and corrosion.
   Will:      It increases your willpower.
 T - a ring of ice
 W - a +4 ring of protection
 X - a ring of flight
Wands
 q - a wand of iceblast (5)
 O - a wand of flame (21)
 P - a wand of paralysis (14)
Scrolls
 a - 4 scrolls of poison
 b - 3 scrolls of fear
 e - 4 scrolls of magic mapping
 h - 3 scrolls of identify
 j - 4 scrolls of fog
 p - a scroll of silence
 s - a scroll of brand weapon
 E - 6 scrolls of amnesia
 I - a scroll of butterflies
Potions
 g - a potion of berserk rage
 i - 10 potions of curing
 l - 9 potions of lignification
 o - 3 potions of attraction
 r - 2 potions of cancellation (quivered)
 w - 3 potions of mutation
 z - a potion of brilliance
 B - 6 potions of flight
 C - 2 potions of might
 G - a potion of ambrosia
 M - 2 potions of resistance
 Z - a potion of magic
Miscellaneous
 d - a phantom mirror


   Skills:
 - Level 15.7 Fighting
 - Level 15.8 Maces & Flails
 - Level 15.7 Armour
 - Level 15.8 Shields
 * Level 10.4 Invocations


You had 18 spell levels left.
You didn't know any spells.
Your spell library contained the following spells:

 Spells                   Type           Power      Damage    Failure   Level
 Apportation              Tloc           0%         N/A       52%         1
 Necrotise                Necr           0%         1d4       52%         1
 Summon Small Mammal      Summ           0%         N/A       52%         1
 Blink                    Tloc           0%         N/A       65%         2
 Gell's Gravitas          Tloc           0%         N/A       87%         3
 Ignite Poison            Fire/Tmut/Pois 0%         N/A       87%         3
 Teleport Other           Tloc           0%         N/A       87%         3
 Airstrike                Air            0%         2d(0-16)  99%         4
 Manifold Assault         Tloc           0%         N/A       99%         4
 Passage of Golubria      Tloc           0%         N/A       99%         4
 Summon Lightning Spire   Summ/Air       0%         N/A       99%         4
 Blade Hands              Tmut           0%         N/A       100%        5
 Irradiate                Conj/Tmut      0%         3d11      100%        5
 Lightning Bolt           Conj/Air       0%         1d11      100%        5
 Silence                  Hex/Air        0%         N/A       100%        5
 Conjure Ball Lightning   Conj/Air       0%         3x3d6     100%        6
 Dispersal                Tloc           0%         N/A       100%        6
 Dragon Form              Tmut           0%         N/A       100%        7
 Storm Form               Tmut/Air       0%         N/A       100%        7
 Discord                  Hex            0%         N/A       100%        8
 Disjunction              Tloc           0%         N/A       100%        8
 Ignition                 Fire           0%         3d3       100%        8
 Lehudib's Crystal Spear  Conj/Erth      0%         10d2      100%        8


Dungeon Overview and Level Annotations

Branches:
Dungeon (15/15)            Temple (0/1) D:5            Lair (0/5) D:8
    Orc (2/2) D:11            Elf (3/3) Orc:2        Vaults (0/5) D:13
 Depths (2/4) D:15          Sewer (visited)

Altars:
Ashenzari
Cheibriados
Elyvilon
Fedhas
Gozag
Kikubaaqudgha
Makhleb
Qazlal
Ru
Sif Muna
Trog
Vehumet
Xom
Yredelemnul
Zin
The Shining One

Shops:
D:3 (   D:11 (   D:13 *   D:14 *   Orc:2 =[**   Elf:1 ?([[(   Elf:3 *
Depths:2 [

Portals:
Hell: Depths:1
Pandemonium: Orc:2

Annotations:
D:2 1 runed translucent door, Crazy Yiuf


Message History

You thrash the spriggan berserker!!
The spriggan berserker is moderately wounded.
The spriggan berserker hits you with a +0 war axe!!!
You closely miss the spriggan berserker.
The spriggan berserker is moderately wounded.
You block the spriggan berserker's attack.
You closely miss the spriggan berserker.
The spriggan berserker is moderately wounded.
The deep troll bites you! You block the deep troll's attack.
The deep troll claws you!!
You barely miss the spriggan berserker.
The spriggan berserker is moderately wounded.
The spriggan berserker hits you with a +0 war axe!!
You block the deep troll's attack. x2
The deep troll claws you but does no damage.
You hit the spriggan berserker but do no damage.
The spriggan berserker is moderately wounded.
The spriggan berserker hits you with a +0 war axe!
* * * LOW HITPOINT WARNING * * *
Really quaff the potion of lignification?
Uppercase [Y]es or [N]o only, please.
Really quaff the potion of lignification?
You turn into a tree.
The +1 cloak of Darkness {Str+6 Int-2} melds into your body.
Your +2 helmet melds into your body.
Your +0 pair of gloves melds into your body.
Your +2 pair of boots melds into your body.
Your +2 troll leather armour melds into your body.
Your roots penetrate the ground.
The deep troll bites you!!
* * * LOW HITPOINT WARNING * * *
You block the deep troll's attack.
The deep troll claws you but does no damage.
The spriggan berserker hits you with a +0 war axe.
* * * LOW HITPOINT WARNING * * *
The deep troll shaman calls upon its god to speed up the iron troll.
The iron troll seems to speed up.
You block the deep troll's attack. x2
The deep troll claws you!
* * * LOW HITPOINT WARNING * * *
The spriggan berserker hits you with a +0 war axe!!
You die...

...............†.....#
...^.................#
###########..........#
##.........#
##........# ##.......#
##......# #......#
#.♣....# #.iT...#
#......# #.T....#
#......# #.T....#
#.T....# #......#
#......#


You could see an iron troll (fast, strong), a deep troll (fast, strong), a
spriggan berserker (berserk, regenerating, strong-willed), a deep troll earth
mage and a deep troll shaman.

Vanquished Creatures
  Asterion (Elf:1)
  A tengu reaver (Depths:1)
  Donald (Elf:2)
  A deep elf sorcerer (Elf:3)
  A frost giant (Depths:1)
  A balrug (Depths:1)
  3 stone giants (Depths:1)
  2 very ugly things (Depths:1)
  3 deep elf annihilators
  Azrael (D:14)
  Snorg (D:13)
  4 ettins (Depths:1)
  The ghost of Regoshi the Imperceptible, a journeyman SpEn of Vehumet (D:14)
  3 fire dragons
  3 deep elf death magi
  2 deep elf high priests
  A quicksilver dragon zombie (D:14)
  Josephine (D:10)
  A vault guard (D:13)
  An ice dragon (Depths:1)
  Erica (D:8)
  4 boulder beetles
  8 centaur warriors
  2 two-headed ogres (D:11)
  2 demonspawn (Orc:2)
  2 deep troll shamans
  28 dancing weapons
  A deep troll earth mage (Depths:2)
  3 tengu warriors (Depths:1)
  8 orc high priests
  A sun demon (Depths:1)
  15 deep elf knights
  Sonja (D:10)
  4 soul eaters
  A skeletal warrior (D:14)
  3 iron trolls
  Lodul (D:12)
  5 deep trolls
  A flayed ghost (D:14)
  13 deep elf archers
  6 orc knights
  6 wizards
  3 necromancers
  28 deep elf pyromancers
  26 deep elf zephyrmancers
  An iron dragon zombie (Depths:1)
  8 orc sorcerers
  29 ugly things
  8 cyclopes
  3 manticores
  Maurice (D:10)
  Joseph (D:10)
  A frost giant skeleton (Depths:1)
  2 centaur zombies (D:15)
  A gargoyle (D:13)
  An orange demon (Orc:2)
  2 smoke demons (Depths:1)
  A naga mage (D:15)
  A storm dragon simulacrum (Depths:1)
  2 centaur skeletons (D:15)
  2 unseen horrors
  Psyche (D:10)
  A yaktaur (D:15)
  2 freezing wraiths
  3 efreet
  A komodo dragon (D:12)
  3 ice devils
  9 trolls
  Grinder (D:5)
  An ettin zombie (Depths:1)
  A spriggan zombie (Depths:1)
  Sigmund (D:5)
  A centaur simulacrum (D:15)
  6 wraiths
  10 slime creatures
  An air elemental (Elf:2)
  A wyvern (D:8)
  Eustachio (D:5)
  4 water elementals
  3 shadows
  2 yaks (shapeshifter)
  20 yaks
  2 chaos spawn (Orc:2)
  2 steam dragons
  4 fire elementals
  9 vampire mosquitoes
  2 wargs (D:11)
  2 acid dragons (D:10)
  2 water moccasins
  A floating eye (Depths:2)
  A water moccasin (shapeshifter) (Elf:2)
  5 hell hounds (D:14)
  A glowing shapeshifter skeleton (Depths:1)
  27 orc warriors
  A black bear (D:8)
  A floating eye (shapeshifter) (Elf:2)
  An ice beast (D:8)
  A sky beast (D:7)
  10 centaurs
  10 ogres
  3 phantoms
  3 kobold brigands
  6 bullfrogs
  7 earth elementals
  2 scorpions (D:5)
  A gnoll sergeant (D:10)
  2 necrophages
  9 wights
  4 killer bees (D:9)
  An electric eel (D:14)
  4 hounds
  5 jellies
  20 orc priests
  2 iguanas
  17 orc wizards
  A tengu simulacrum (Depths:1)
  Terence (D:3)
  8 ogre zombies (D:11)
  17 gnolls
  9 adders
  4 river rats (Sewer)
  3 shadow imps
  2 worms (D:3)
  2 dart slugs
  71 orcs
  23 ball pythons
  6 endoplasms
  4 giant cockroaches
  6 goblins
  9 hobgoblins
  13 jackals
  21 kobolds
  2 quokkas
  6 bats
  6 frilled lizards
  5 goblin zombies (D:11)
  2 hobgoblin zombies (D:11)
  An orc skeleton (D:11)
  17 orc zombies (D:11)
  27 rats
777 creatures vanquished.

Vanquished Creatures (others)
  A deep elf archer (Elf:1)
  A deep elf pyromancer (Elf:2)
  A smoke demon (Depths:1)
  An orc (Orc:1)
  2 fungi (D:11)
  13 plants
19 creatures vanquished.

Grand Total: 796 creatures vanquished

Notes
Turn   | Place    | Note
-------+----------+-------------------------------------------
     0 | D:1      | Rustlers the Human Fighter began the quest for the Orb.
     0 | D:1      | Reached XP level 1. HP: 18/18 MP: 1/1
    35 | D:1      | Reached XP level 2. HP: 15/24 MP: 2/2
    51 | D:1      | Got the Atlas of Blazing Nausea
   194 | D:1      | Reached XP level 3. HP: 24/29 MP: 3/3
   744 | D:2      | Reached XP level 4. HP: 29/35 MP: 4/4
   797 | D:2      | HP: 1/35 [poisoned by a gnoll]
  1290 | D:2      | Found a runed translucent door.
  1291 | D:2      | Noticed Crazy Yiuf
  1535 | D:3      | Noticed Terence
  1546 | D:3      | Killed Terence
  1547 | D:3      | Reached XP level 5. HP: 37/42 MP: 5/5
  1630 | D:3      | Found a glowing drain.
  1692 | Sewer    | Entered a sewer
  1694 | Sewer    | Identified a scroll of acquirement
  1695 | Sewer    | Acquired the amulet of Xom's Delight {Acrobat Str+3}
  2187 | Sewer    | HP: 1/42 [river rat (4)]
  2512 | Sewer    | Reached XP level 6. HP: 48/48 MP: 6/6
  3193 | D:3      | Acquired the +1 eveningstar of Spite {flame, rElec rF+
                  | Str+2}
  3271 | D:3      | Found Daub's Antique Weapon Boutique.
  3429 | D:3      | Reached XP level 7. HP: 55/55 MP: 7/7
  4911 | D:5      | Entered Level 5 of the Dungeon
  4920 | D:5      | Reached skill level 5 in Armour
  4920 | D:5      | Reached skill level 5 in Shields
  4959 | D:5      | Reached skill level 5 in Fighting
  4959 | D:5      | Reached XP level 8. HP: 62/62 MP: 8/8
  5014 | D:5      | Noticed Grinder
  5014 | D:5      | Noticed Sigmund
  5017 | D:5      | Paralysed by Grinder for 2 turns
  5037 | D:5      | Killed Sigmund
  5044 | D:5      | Killed Grinder
  5045 | D:5      | Reached skill level 5 in Maces & Flails
  5580 | D:5      | Found a staircase to the Ecumenical Temple.
  5618 | D:5      | Identified the +5 long sword of Objectivity {heavy, Will++
                  | Str+5 Stlth-}
  5749 | D:5      | Found an ancient bone altar of Kikubaaqudgha.
  5749 | D:5      | Found a broken altar of Ashenzari.
  5749 | D:5      | Found a shimmering blue altar of Sif Muna.
  5749 | D:5      | Found a radiant altar of Vehumet.
  5750 | D:5      | Found a snail-covered altar of Cheibriados.
  5751 | D:5      | Found a white marble altar of Elyvilon.
  5756 | D:5      | Found a glowing golden altar of the Shining One.
  5761 | D:5      | Found a burning altar of Makhleb.
  5782 | D:5      | Became a worshipper of the Shining One
  5927 | D:6      | Noticed Eustachio
  5957 | D:5      | Killed Eustachio
  5958 | D:5      | Reached XP level 9. HP: 55/69 MP: 9/9
  6049 | D:6      | Found a bloodstained altar of Trog.
  6139 | D:6      | Found a blossoming altar of Fedhas.
  6690 | D:7      | Found a basalt altar of Yredelemnul.
  6697 | D:7      | Reached * piety under the Shining One
  7229 | D:7      | Reached XP level 10. HP: 69/78 MP: 10/10
  7696 | D:8      | Noticed Erica
  7701 | D:8      | Killed Erica
  7763 | D:8      | Reached ** piety under the Shining One
  7829 | D:8      | Found a staircase to the Lair.
  8106 | D:8      | Found a glowing silver altar of Zin.
  8106 | D:8      | Found an opulent altar of Gozag.
  8420 | D:9      | Reached XP level 11. HP: 80/87 MP: 11/11
  8600 | D:9      | Noticed a manticore
  8609 | D:9      | Killed a manticore
  8874 | D:9      | Noticed a skeletal warrior
  8874 | D:9      | Noticed a manticore
  8939 | D:9      | Found a shimmering altar of Xom.
  8940 | D:9      | Found a shimmering altar of Xom.
  8940 | D:9      | Found a shimmering altar of Xom.
  8980 | D:9      | Found a shimmering altar of Xom.
  8981 | D:9      | Found a shimmering altar of Xom.
  9004 | D:9      | Found a shimmering altar of Xom.
  9126 | D:10     | Entered Level 10 of the Dungeon
  9130 | D:10     | Noticed Josephine
  9144 | D:10     | Killed Josephine
  9285 | D:10     | Found a stormy altar of Qazlal.
  9294 | D:10     | Noticed Joseph
  9305 | D:10     | Reached *** piety under the Shining One
  9310 | D:10     | Killed Joseph
  9459 | D:10     | Noticed Maurice
  9466 | D:10     | Killed Maurice
  9542 | D:10     | Noticed Sonja
  9567 | D:10     | Killed Sonja
  9664 | D:10     | Noticed Psyche
  9671 | D:10     | Killed Psyche
  9794 | D:11     | Found Affue's Weapon Shoppe.
  9910 | D:11     | Noticed a manticore
  9916 | D:11     | Killed a manticore
  9929 | D:11     | Reached XP level 12. HP: 83/97 MP: 12/12
  9986 | D:11     | Reached **** piety under the Shining One
 10017 | D:11     | Found a staircase to the Orcish Mines.
 10018 | D:11     | Reached ***** piety under the Shining One
 10210 | D:11     | Noticed a two-headed ogre
 10217 | D:11     | Killed a two-headed ogre
 10218 | D:11     | Reached skill level 10 in Shields
 10434 | D:11     | Found a sacrificial altar of Ru.
 10494 | D:11     | Reached skill level 10 in Armour
 10496 | D:11     | Reached skill level 10 in Fighting
 10549 | D:11     | Reached skill level 10 in Maces & Flails
 10929 | D:12     | Noticed a centaur warrior
 10968 | D:12     | Noticed a boulder beetle
 10968 | D:12     | Noticed a boulder beetle
 11358 | D:11     | Killed a boulder beetle
 11834 | D:12     | Killed a centaur warrior
 11993 | D:12     | Noticed Lodul
 12070 | D:12     | Killed Lodul
 12077 | D:12     | Reached XP level 13. HP: 101/105 MP: 13/13
 12172 | D:12     | Upgraded the game from 0.30-a0-739-gea05faddec to
                  | 0.30-a0-743-gbfdf073431
 12491 | D:12     | Acquired the +8 kite shield "Quevolov" {rF+ MP+9}
 12654 | Orc:1    | Entered Level 1 of the Orcish Mines
 13177 | Orc:1    | Found a burning altar of Makhleb.
 13372 | Orc:2    | Entered Level 2 of the Orcish Mines
 13425 | Orc:2    | Found a staircase to the Elven Halls.
 13426 | Orc:2    | Found a gate leading to a gauntlet.
 13436 | Orc:2    | Reached ****** piety under the Shining One
 13603 | Orc:2    | Found Feduraat's General Store.
 13611 | Orc:2    | Found Disiar's General Store.
 13670 | Orc:2    | Bought a scroll of enchant weapon for 90 gold pieces
 13670 | Orc:2    | Bought a potion of flight for 36 gold pieces
 13672 | Orc:2    | Bought a scroll of enchant weapon for 97 gold pieces
 13672 | Orc:2    | Bought a scroll of enchant weapon for 97 gold pieces
 13734 | Orc:2    | Paralysed by an orc sorcerer for 5 turns
 13787 | Orc:2    | Noticed a demonspawn
 13796 | Orc:2    | Killed a demonspawn
 13799 | Orc:2    | Noticed a demonspawn
 13801 | Orc:2    | Reached XP level 14. HP: 110/115 MP: 14/14
 14225 | Orc:2    | Found Doziogy's Jewellery Emporium.
 14225 | Orc:2    | Found Imuuraj's Antique Armour Shoppe.
 14226 | Orc:2    | Found a one-way gate leading to the halls of Pandemonium.
 14228 | Orc:2    | Bought the ring of Qataadec {rPois Will+ Str+4} for 615
                  | gold pieces
 14228 | Orc:2    | Bought a ring of flight for 262 gold pieces
 14303 | Elf:1    | Entered Level 1 of the Elven Halls
 14716 | Elf:1    | Found Onona Bof's Antique Weapon Boutique.
 15015 | Elf:1    | Found Xoisetel's Magic Scroll Boutique.
 15024 | Elf:1    | Bought a scroll of enchant weapon for 135 gold pieces
 15024 | Elf:1    | Bought a scroll of enchant weapon for 135 gold pieces
 15181 | Elf:1    | Found Zogavvih's Weapon Shop.
 15210 | Elf:1    | Found Eguyv's Armour Shop.
 15663 | Elf:1    | Found Vubbuqa's Armour Shop.
 15874 | Elf:2    | Reached XP level 15. HP: 118/123 MP: 15/15
 15956 | Elf:2    | Noticed Asterion
 15959 | Elf:2    | Noticed a cacodemon
 16031 | Elf:1    | Noticed a balrug
 16163 | Elf:1    | Killed Asterion
 16177 | Elf:2    | Paralysed by a floating eye for 3 turns
 16335 | Elf:2    | Identified the +7 sling of Armageddon {heavy, rPois Will+++
                  | rCorr Dex-3}
 16378 | Elf:2    | HP: 2/124 [deep elf zephyrmancer/bolt of lightning (18)]
 16516 | Elf:2    | Paralysed by an air elemental for 1 turns
 16670 | Elf:2    | Found an ancient bone altar of Kikubaaqudgha.
 16680 | Elf:2    | HP: 3/125 [deep elf zephyrmancer/bolt of lightning (26)]
 16892 | Elf:2    | Found a runed translucent gate.
 16892 | Elf:2    | Found a runed translucent gate.
 16893 | Elf:2    | Found a runed translucent gate.
 17185 | Elf:2    | Noticed Donald
 17382 | Elf:2    | Reached XP level 16. HP: 100/133 MP: 16/16
 17416 | Elf:2    | HP: 6/133 [+0 dire flail of holy wrath (14)]
 17419 | Elf:2    | The Shining One protects you from harm!
 18381 | Elf:2    | Killed Donald
 18402 | Elf:3    | Entered Level 3 of the Elven Halls
 18894 | Elf:3    | Noticed a deep elf sorcerer
 19006 | Elf:3    | Killed a deep elf sorcerer
 19263 | Elf:3    | Found Huistehe's Assorted Antiques.
 19362 | Elf:3    | Identified the ring of the Ladybird {Will+ rCorr Str+2
                  | Int+3}
 19400 | Elf:3    | Noticed a deep elf sorcerer
 19401 | Elf:3    | Noticed a deep elf sorcerer
 19693 | D:13     | Noticed Snorg
 19702 | D:13     | Killed Snorg
 19810 | D:13     | Reached skill level 15 in Fighting
 19810 | D:13     | Reached skill level 15 in Maces & Flails
 19810 | D:13     | Reached skill level 15 in Armour
 19810 | D:13     | Reached skill level 15 in Shields
 19810 | D:13     | Reached XP level 17. HP: 142/142 MP: 17/17
 20178 | D:13     | Found Xeho Bof's Assorted Antiques.
 20198 | D:13     | Bought a warped cloak for 237 gold pieces
 20198 | D:13     | Identified the +1 cloak of Darkness {Str+6 Int-2} (You
                  | bought it in a shop on level 13 of the Dungeon)
 20350 | D:13     | Found a glowing golden altar of the Shining One.
 20478 | D:13     | Found a gate to the Vaults.
 20542 | D:14     | Found Ade Yres's Assorted Antiques.
 20738 | D:14     | Found a transporter.
 20738 | D:14     | Noticed Regoshi's ghost (journeyman SpEn)
 20745 | D:14     | Found a transporter.
 20996 | D:14     | Reached XP level 18. HP: 140/149 MP: 18/18
 21135 | D:14     | Noticed Azrael
 21154 | D:14     | Killed Azrael
 21750 | D:14     | Killed Regoshi's ghost
 21857 | D:15     | Entered Level 15 of the Dungeon
 21863 | D:15     | Identified the +8 rapier of Qougg {freeze, Str+5 Dex+3
                  | Stlth+}
 22418 | D:15     | Found a staircase to the Depths.
 22726 | Depths:1 | Entered Level 1 of the Depths
 22976 | Depths:1 | Reached skill level 1 in Invocations
 23131 | Depths:1 | Reached skill level 5 in Invocations
 23192 | Depths:1 | Identified the ring "Meraismiu" {rF+ Str+6 Int+3}
 23878 | Depths:1 | Reached XP level 19. HP: 96/157 MP: 25/25
 24043 | Depths:1 | Identified a +4 sacred scourge of holy wrath (a +2 demon
                  | whip of pain blessed by the Shining One)
 24043 | Depths:1 | Received a gift from the Shining One
 24196 | Depths:1 | Found a gateway to Hell.
 24307 | Depths:2 | Found Sentapef's Antique Armour Emporium.
 24406 | Depths:2 | Reached skill level 10 in Invocations
 24507 | Depths:2 | Paralysed by a floating eye for 2 turns
 24519 | Depths:2 | Slain by a spriggan berserker

Illustrated notes

Levels and vault maps discovered:
D:1:      saegor_arrival_miasma, layout_rooms
D:2:      layout_loops_ring, hangedman_decor_clover_reticule,
          uniq_crazy_yiuf_cottage
D:3:      kb_forest_paths, layout_basic, cheibrodos_sewer_entry_drain,
          serial_shops, nicolae_shop_hallway_stairs, kennysheep_nondescript,
          uniq_terence
D:4:      layout_loops_corners, amethyst_killhole
D:5:      layout_basic, minitemple, minmay_temple_entry_hall,
          kennysheep_another_room, uniq_grinder, uniq_sigmund
D:6:      layout_basic, nicolae_overflow_crystal_walls, old_standard_altar,
          minivault_24, uniq_eustachio
D:7:      layout_gridville, lemuel_round_altar
D:8:      layout_cave_pools, grunt_temple_overflow_gold_and_silver,
          lair_entry_dummy, uniq_erica
D:9:      layout_basic, xom_redecorated, lightli_corner_chamber
D:10:     layout_basic, mainiacjoe_overflow_tiny_flanked, uniq_maurice,
          uniq_josephine, uniq_psyche, uniq_joseph, uniq_sonja
D:11:     layout_basic, zombieorc2_lemuel, portal_ice_cave_demonic_guard,
          serial_shops, nicolae_shop_hallway_stairs,
          nicolae_ru_the_path_less_chosen
D:12:     layout_long_grid, nicolae_concentric_dashed_squares_mild, uniq_lodul
D:13:     layout_loops_cross, david_vaults_5, serial_shops,
          nicolae_shop_overgrown_old_shop, small_statue_alley_a, tso_metal_star,
          uniq_snorg
D:14:     layout_stronghold, gammafunk_ghost_mausoleum,
          hangedman_decor_opposing, serial_shops, nicolae_inconvenience_store,
          uniq_azrael
D:15:     grunt_enter_depths_magical_seal, layout_gridville, nrook_mini_vaults
Orc:1:    layout_caves, serial_shops, nicolae_diamond_shop, basic_altar
Orc:2:    pf_orc_diabolical, layout_caves, gauntlet_entry_generic
Elf:1:    eino_elf_arrival_sip, layout_gridlike, serial_shops,
          nicolae_shop_window_shopping, nicolae_shop_bloodbath_and_beyond,
          nicolae_shop_competitors_out_of_business, nicolae_lakefront_shop,
          nicolae_lakefront_shop, kennysheep_underground_church
Elf:2:    nicolae_elf_blades_splatter_lattice
          [nicolae_blade_entry_crossed_weapons], layout_rooms, basic_altar,
          st_stairs_10, uniq_donald, uniq_asterion
Elf:3:    minmay_elf_hall_statues, layout_loops_cross, gammafunk_ghost_cemetery,
          serial_shops, nicolae_shop_crystal
Depths:1: layout_gridlike, hellmouth_2, lemuel_angel_altar
Depths:2: impenetrable_vault, layout_gridlike, hell_entry, serial_shops,
          nicolae_lakefront_shop, nicolae_abyss_entry_one_way_or_another,
          pan_entry, interstate_on_off

Skill      XL: |  1  2  3  4  5  6  7  8  9 10 11 12 13 14 15 16 17 18 19 |
---------------+----------------------------------------------------------+-----
Maces & Flails | 3 4 5 6 8 9 10 11 12 13 15 | 15.8
Armour         | 4 5 6 7 8 9 10 12 13 14 15 | 15.7
Shields        | 4 5 6 7 8 9 10 12 13 14 15 | 15.8
Fighting       | 4 5 6 7 8 9 10 12 13 14 15 | 15.7
Invocations    | 8 10 | 10.4

Action                     |  1- 3 |  4- 6 |  7- 9 | 10-12 | 13-15 | 16-18 | 19-21 || total
---------------------------+-------+-------+-------+-------+-------+-------+-------++-------
  Melee: Flail             |   116 |   249 |       |       |   310 |   959 |    30 ||  1664
         Eveningstar       |       |     3 |   262 |   438 |   495 |       |       ||  1198
         Sacred scourge    |       |       |       |       |       |       |    72 ||    72
 Invoke: Cleansing Flame   |       |       |       |       |       |       |     2 ||     2
         Brand Weapon With |       |       |       |       |       |       |     1 ||     1
    Use: Scroll            |       |    18 |     1 |       |    24 |     9 |     2 ||    54
         Potion            |       |     4 |       |       |     7 |     5 |     1 ||    17
 Armour: Scale mail        |    68 |   153 |       |       |       |       |       ||   221
         Plate armour      |       |     9 |   195 |   103 |       |       |       ||   307
         Leather armour    |       |       |       |   108 |       |       |       ||   108
         Acid dragon scale |       |       |       |     6 |       |       |       ||     6
         Troll leather arm |       |       |       |     6 |   245 |   256 |    28 ||   535
         Skin              |       |       |       |       |       |       |     1 ||     1
  Dodge: Dodged            |    77 |   228 |   225 |   230 |   240 |   229 |    16 ||  1245
  Block: Buckler           |    30 |    98 |   114 |   128 |    14 |       |       ||   384
         Kite shield       |       |       |       |       |   700 |   802 |    73 ||  1575

Table legend: (Time is in decaauts)
 A = Elapsed time spent in this place.
 B = Non-inter-level travel time spent in this place.
 C = Inter-level travel time spent in this place.
 D = Time resting spent in this place.
 E = Time spent auto-exploring this place.
 F = Levels seen in this place.
 G = Mean time per level.
                   A        B        C        D        E       F      G
               +--------+--------+--------+--------+--------+-----+--------+
         Total |  24586 |  23825 |    761 |   3957 |  11603 |  23 | 1069.0 |
       Dungeon |  15262 |  14907 |    355 |   1530 |   9262 |  15 | 1017.5 |
  Orcish Mines |   1191 |   1108 |     83 |      3 |    488 |   2 |  595.5 |
   Elven Halls |   5283 |   4962 |    321 |   1487 |   1359 |   3 | 1761.0 |
        Depths |   1604 |   1604 |      0 |    235 |    494 |   2 |  802.0 |
         Sewer |   1245 |   1245 |      0 |    701 |      0 |   1 | 1245.0 |
               +--------+--------+--------+--------+--------+-----+--------+

Top non-repeatable levels by time:
   Elf:2: 2514 daAuts
   Elf:1: 2306 daAuts
    D:11: 2147 daAuts
     D:4: 1509 daAuts
Depths:1: 1368 daAuts
    D:14: 1309 daAuts
    D:12: 1291 daAuts
   Sewer: 1245 daAuts
     D:7: 1075 daAuts
     D:3: 1060 daAuts
   Orc:2: 973 daAuts
    D:15: 920 daAuts
     D:2: 841 daAuts
    D:13: 808 daAuts
     D:5: 792 daAuts
